 Dungeon Crawl Stone Soup version 0.18.1-8-gdd0e5ea (webtiles) character file.

154 protoss039 the Covered (level 5, 0/47 HPs)
             Began as a Minotaur Fighter on June 11, 2016.
             Succumbed to Ijyb's poison
             ... on level 3 of the Dungeon.
             The game lasted 00:05:21 (1840 turns).

protoss039 the Covered (Minotaur Fighter)           Turns: 1840, Time: 00:05:22

Health: 0/47       AC:  8    Str: 27    XL:     5   Next: 13%
Magic:  4/4        EV:  8    Int: 10    God:
Gold:   112        SH: 10    Dex:  9    Spells: 0 memorised, 4 levels left

rFire  . . .     SeeInvis .     a - +1 war axe
rCold  . . .     Gourm    .     b - +0 scale mail
rNeg   . . .     Faith    .     c - +0 shield
rPois  .         Spirit   .     (helmet restricted)
rElec  .         Dismiss  .     (no cloak)
rCorr  .         Reflect  .     k - +0 pair of gloves
SustAt .         Harm     .     (no boots)
MR     .....                    (no amulet)
Stlth  ..........               (no ring)
                                (no ring)

@: mighty, brilliant, lethally poisoned (0 -> -11), not resistant to hostile
enchantments, extremely unstealthy
A: retaliatory headbutt, horns 2
a: no special abilities


You were on level 3 of the Dungeon.
You were not hungry.

You visited 1 branch of the dungeon, and saw 3 of its levels.

You collected 112 gold pieces.

Inventory:

Hand Weapons
 a - a +1 war axe (weapon)
Armour
 b - a +0 scale mail (worn)
 c - a +0 shield (worn)
 k - a +0 pair of gloves (worn)
 l - a +0 ring mail
Jewellery
 e - an uncursed amulet of magic regeneration {unknown}
Scrolls
 i - 2 scrolls of teleportation
 j - a scroll of identify
 m - 2 scrolls of recharging {unknown}
 o - a scroll of fog
Potions
 d - a potion of might
 p - a potion of cure mutation
Comestibles
 f - 3 bread rations
 g - 11 chunks of flesh
 q - a beef jerky
 r - a slice of pizza


   Skills:
 + Level 4.5 Fighting
 * Level 3.4 Axes
 + Level 5.3 Armour
 + Level 4.4 Shields


You had 4 spell levels left.
You didn't know any spells.

Dungeon Overview and Level Annotations

Branches:
Dungeon (3/15)

Altars:
Nemelex Xobeh
Ru


Innate Abilities, Weirdness & Mutations

You reflexively headbutt those who attack you in melee.
You have a pair of horns on your head.


Message History

You feel sick.
* * * LOW HITPOINT WARNING * * *
You feel sick.
Items here: )) [ †† a dagger; a robe; a club; an orc corpse x2
Drink which item? (? for menu, Esc to quit)
Okay, then.
Drink which item? (? for menu, Esc to quit)
It was a potion of brilliance.
You feel clever all of a sudden.
* * * LOW HITPOINT WARNING * * *
You feel sick.
Drink which item? (? for menu, Esc to quit)
It was a potion of magic.
Magic courses through your body.
* * * LOW HITPOINT WARNING * * *
You feel sick.
Butcher an orc corpse? [(y)es/(c)hoosy/(n)o/(a)ll/(e)dible/(q)uit/?]
Butcher an orc corpse? [(y)es/(c)hoosy/(n)o/(a)ll/(e)dible/(q)uit/?]
You butcher the orc corpse.
You stop butchering the corpse.
You die...

#.### .## .. ..... .. ...
#.### .#... # #####.#.# #
#.......# # #.......#
###############..)....#.#
......)........(().......
###############.@).....##
................
###.......##.##.
#.##.##.# ..# #. ... ...
... # .... .#.. #. .#...
##.. ##. ..


There were no monsters in sight!

Vanquished Creatures
  An orc priest (D:3)
  An orc wizard (D:3)
  Ijyb (D:3)
  A dart slug (D:1)
  3 giant geckos
  11 orcs
  3 bats
  3 giant cockroaches
  5 goblins
  10 hobgoblins
  A jackal (D:1)
  3 kobolds
  A quokka (D:3)
  5 giant newts
  3 rats
52 creatures vanquished.

Notes
Turn   | Place    | Note
--------------------------------------------------------------
     0 | D:1      | protoss039 the Minotaur Fighter began the quest for the Orb.
     0 | D:1      | Reached XP level 1. HP: 19/19 MP: 0/0
   178 | D:1      | Reached skill level 4 in Armour
   290 | D:1      | Reached XP level 2. HP: 27/27 MP: 1/1
  1106 | D:2      | Found a sacrificial altar of Ru.
  1171 | D:2      | Reached XP level 3. HP: 33/33 MP: 2/2
  1740 | D:3      | Reached skill level 5 in Armour
  1740 | D:3      | Reached XP level 4. HP: 41/41 MP: 3/3
  1746 | D:3      | Found a sparkling altar of Nemelex Xobeh.
  1815 | D:3      | Noticed Ijyb
  1827 | D:3      | Killed Ijyb
  1831 | D:3      | Reached XP level 5. HP: 15/47 MP: 4/4
  1838 | D:3      | HP: 1/47 [poisoned by Ijyb]
  1840 | D:3      | Succumbed to Ijyb's poison

Skill      XL: |  1  2  3  4 |
---------------+-------------+-----
Armour         | 4 5 |  5.3
Fighting       | 4 |  4.5
Shields        | 4 |  4.4
Axes           | 3 |  3.4

Action                   |  1- 3 |  4- 6 || total
-------------------------+-------+-------++-------
Melee: War axe           |    89 |    22 ||   111
       Headbutt          |    14 |     1 ||    15
  Use: Scroll            |    12 |       ||    12
       Potion            |       |     4 ||     4
  Eat: Chunk             |     3 |       ||     3
Armor: Scale mail        |    26 |    13 ||    39
       Ring mail         |     8 |       ||     8
Dodge: Dodged            |    29 |    13 ||    42
Block: Shield            |    51 |    13 ||    64
